 Dungeon Crawl Stone Soup version 0.31-a0-851-g7ff8af7976 (webtiles) character file.

Game seed: 2835074712139447269

3 Descartes the Sneak (level 1, -1/10 HPs)
             Began as a Spriggan Wanderer on Oct 6, 2023.
             Frozen to death by an endoplasm (5 damage)
             ... on level 1 of the Dungeon.
             The game lasted 00:00:16 (84 turns).

Descartes the Sneak (Spriggan Wanderer)               Turns: 84, Time: 00:00:17

Health: -1/10      AC:  2    Str:  7    XL:     1   Next: 41%
Magic:  2/2        EV: 17    Int: 10    God:
Gold:   15         SH:  0    Dex: 18    Spells: 0/0 levels left

rFire   . . .        a - +2 dagger
rCold   . . .        (no shield)
rNeg    . . .        f - +0 robe
rPois   .            (helmet restricted)
rElec   .            (no cloak)
rCorr   .            (gloves unavailable)
SInv    +            (boots unavailable)
Will    .....        (no amulet)
Stlth   +++          (no ring)
HPRegen 0.21/turn    (no ring)
MPRegen 0.08/turn

%: no passive effects
@: very quick
A: very small, no large weapons, unfitting armour, see invisible, speed 3
a: no special abilities


You were on level 1 of the Dungeon.
You visited 1 branch of the dungeon, and saw 1 of its levels.

You collected 15 gold pieces.

Inventory:

Hand Weapons
 a - a +2 dagger (weapon)
Armour
 f - a +0 robe (worn)
Wands
 d - a wand of polymorph (3) (quivered)
Scrolls
 c - a scroll of teleportation
 e - a scroll of fear
Potions
 b - a potion of berserk rage
 g - a potion of mutation {unknown}


   Skills:
 - Level 1.0 Fighting
 - Level 2.1 Dodging
 + Level 6.0 Stealth
 + Level 1.1 Unarmed Combat
 - Level 1.0 Invocations
 - Level 1.3 Evocations


You couldn't memorise any spells.
You didn't know any spells.
Your spell library was empty.

Dungeon Overview and Level Annotations

Branches:
Dungeon (1/15)

Altars:


Innate Abilities, Weirdness & Mutations

You are very small and have problems with some larger weapons.
You are too small for most types of armour.
You have supernaturally acute eyesight. (SInv)
You cover ground extremely quickly. (Speed+++)


Message History

You barely miss the rat. Your punch misses the rat. The rat barely misses you.
You hit the rat.
You kill the rat!
No target in view!
You see here a +0 dagger.
Found a stone staircase leading down.
Found a ring mail.
No target in view!
A goblin comes into view. It is wielding a +0 dagger.
An endoplasm comes into view.
An endoplasm comes into view.
The endoplasm quivers.
The goblin shouts!
The endoplasm quivers.
You see here a +0 ring mail.
You hit the goblin.
You kill the goblin!
Your Stealth skill increases to level 6!
The endoplasm freezes you.
You are frozen.
You hit the endoplasm.
The endoplasm is lightly wounded.
The endoplasm freezes you.
You are frozen.
Ouch! That really hurt!
You are too injured to fight recklessly!
You are too injured to fight recklessly!
You are too injured to fight recklessly!
You are too injured to fight recklessly!
You are too injured to fight recklessly!
You are too injured to fight recklessly!
You are too injured to fight recklessly!
There are monsters nearby!
Unknown command.
You hit the endoplasm but do no damage.
The endoplasm is lightly wounded.
The endoplasm freezes you.
You are frozen.
Ouch! That really hurt!
You die...

#.....# ##. ####......
.... §§.......# ...
####.....# ######.# #
.........####......## ..
...# #....#..#.....#...
..## ###....#..........
..# ##.....[.).......
†## ####...#....@.......
.####....#.#..J..J......
......####..............
.....## ###....$.......
......... #............
.....#### ..............
.....# ###............
...#.# ######....##.
......


You could see 2 endoplasms.

Vanquished Creatures
  A goblin (D:1)
  A kobold (D:1)
  A rat (D:1)
3 creatures vanquished.

Notes
Turn   | Place    | Note
-------+----------+-------------------------------------------
     0 | D:1      | Descartes the Spriggan Wanderer began the quest for the
                  | Orb.
     0 | D:1      | Descartes set off with the following items: a +2 dagger, a
                  | potion of berserk rage, a scroll of teleportation, a wand
                  | of polymorph (3), a scroll of fear, a +0 robe.
     0 | D:1      | Reached XP level 1. HP: 10/10 MP: 2/2
     1 | D:1      | Noticed an electric eel
    82 | D:1      | Reached skill level 6 in Stealth
    84 | D:1      | Frozen to death by an endoplasm

Illustrated notes

Levels and vault maps discovered:
D:1:      arrival_aquarium_a, layout_rooms, nicolae_kite_square_tiling_tiny,
          nicolae_hexahallways, corexii_corridor_pit,
          amcnicky_mini_rare_corridor_liquid

Skill      XL: |  1 |
---------------+----+-----
Stealth        | 6 |  6.0
Fighting       | |  1.0
Dodging        | |  2.1
Unarmed Combat | |  1.1
Invocations    | |  1.0
Evocations     | |  1.3

Action                     || total
---------------------------++-------
  Melee: Dagger            ||    12
 Armour: Robe              ||     3
  Dodge: Dodged            ||     6

Table legend: (Time is in decaauts)
 A = Elapsed time spent in this place.
 B = Non-inter-level travel time spent in this place.
 C = Inter-level travel time spent in this place.
 D = Time resting spent in this place.
 E = Time spent auto-exploring this place.
 F = Levels seen in this place.
 G = Mean time per level.
                   A        B        C        D        E       F      G
               +--------+--------+--------+--------+--------+-----+--------+
         Total |     55 |     55 |      0 |      0 |     36 |   1 |   55.0 |
       Dungeon |     55 |     55 |      0 |      0 |     36 |   1 |   55.0 |
               +--------+--------+--------+--------+--------+-----+--------+

Top non-repeatable levels by time:
     D:1: 55 daAuts
